Map: Void Thrashing

Players

ViS

  • Race: Zerg Zerg

Yuriprime

  • Race: Zerg Zerg
  • Spawn Location: 6:00

VOD

Have the link to the VOD?

Description

Time

  • Played on: Dec. 20, 2017, 5:46 a.m.
  • Length: 9:44
Show
View Real Time Build Order
Export as new Build Order

ViS Zerg 

Build Orders:  

Get SALT Encoding   

  18  0:03  Primal Drone  
  19  0:15  Primal Drone  
  20  0:24  Primal Drone  
  20  0:28  Extractor  
  21  0:51  Primal Warden  
  21  0:56  Primal Drone  
  23  1:02  Primal Drone  
  24  1:10  Primal Drone  
  25  1:25  Primal Drone x2  
  27  1:31  Extractor  
  27  2:00  Primal Drone x2  
  29  2:12  Primal Drone  
  30  2:25  Primal Drone  
  30  2:27  Primal Zergling x3  
  35  2:36  Glevig's Den  
  33  2:41  Primal Attacks Level 1  
  33  3:04  Primal Drone x2  
  35  3:22  Primal Drone  
  35  3:27  Primal Zergling x2  
  35  3:28  Primal Zergling x2  
  40  3:48  Primal Drone x2  
  40  3:49  Primal Zergling  
  43  4:09  Primal Drone  
  40  4:42  Primal Zergling x3  
  40  4:49  Murvar's Den  
  42  5:01  Primal Drone x2  
  41  5:20  Primal Zergling x3  
  45  5:30  Primal Drone x3  
  45  5:32  Primal Warden  
  47  5:40  Primal Drone  
  48  7:19  Primal Zergling x3  
  51  7:20  Primal Zergling x2  
  47  7:41  Primal Zergling  
  47  7:45  Primal Zergling  
  47  7:49  Primal Drone x3  
  54  7:53  Primal Warden  
  54  7:56  Primal Warden  
  52  8:33  Primal Drone x3  
  52  8:34  Primal Drone, Primal Zergling  
  52  8:35  Primal Zergling x7  
  64  8:58  Primal Zergling  
  64  8:59  Primal Zergling x2  
Show
View Real Time Build Order
Export as new Build Order

Yuriprime Zerg 

Build Orders:  

Get SALT Encoding   

  12  0:04  Drone  
  13  0:19  Overlord  
  13  0:26  Drone  
  14  0:45  Drone x3  
  17  0:50  Extractor  
  17  0:52  Drone  
  17  0:59  Drone  
  18  1:06  Extractor  
  17  1:11  Drone  
  18  1:32  Roach Warren  
  17  1:42  Drone  
  17  1:43  Drone  
  17  1:46  Drone  
  20  2:07  Lair  
  20  2:20  Roach  
  22  2:43  Spire  
  21  2:50  Roach  
  21  2:58  Overlord  
  21  3:12  Brutalisk  
  21  3:23  Mutalisk  
  23  3:48  Mutalisk  
  25  3:50  Roach  
  25  3:51  Roach  
  29  4:06  Mutalisk  
  29  4:34  Leviathan  
  29  4:46  Mutalisk  
  29  4:51  Overlord x2  
  29  4:59  Evolution Chamber  
  28  5:08  Queen  
  28  5:14  Leviathan  
  28  5:21  Mutalisk  
  28  5:25  Incubation Chamber, Roach  
  32  5:37  Queen  
  32  5:47  Brutalisk  
  32  5:57  Zerg Missile Weapons Level 1  
  34  6:12  Mutalisk  
  34  6:29  Queen  
  34  6:30  Queen  
  34  6:40  Leviathan  
  36  6:51  Roach  
  36  6:59  Queen  
  43  7:00  Queen  
  38  7:13  Brutalisk  
  40  7:29  Queen x2  
  44  8:30  Queen  
Tags
 
Add a new tag
Caveats
  • Supply blocks, unpowered buildings, or Contaminate may cause inaccurate times.
  • Supply counts are checked every 10 seconds.